 Dungeon Crawl Stone Soup version 0.28-a0-728-g0181a31188 (webtiles) character file.

Game seed: 4211056645127038006

1022 Lemonice the Gusty (level 8, -19/64 HPs)
             Began as a Tengu Air Elementalist on Oct 28, 2021.
             Killed from afar by Ijyb (33 damage)
             ... with a bolt of acid
             ... on level 5 of the Dungeon.
             The game lasted 00:21:04 (4817 turns).

Lemonice the Gusty (Tengu Air Elementalist)         Turns: 4817, Time: 00:21:04

Health: -19/64     AC:  5    Str:  8    XL:     8   Next: 22%
Magic:  25/25      EV: 19    Int: 18    God:
Gold:   183        SH:  0    Dex: 15    Spells: 11/16 levels left

rFire   . . .      SeeInvis .   s - +9 trident of Mandamus {drain, MP+9}
rCold   + . .      Faith    .   (no shield)
rNeg    . . .      Spirit   .   h - +2 robe {rC+}
rPois   .          Reflect  .   p - +0 hat
rElec   .          Harm     .   (no cloak)
rCorr   .          Rampage  .   t - +0 pair of gloves "Xickont" {Regen+}
Will    .....                   (boots unavailable)
Stlth   ..........              k - amulet of the acrobat
HPRegen 1.20/turn               g - +4 ring of evasion
MPRegen 0.19/turn               (no ring)

@: berserking (expiring), lethally poisoned (-19 -> -20), flying quickly and
evasively, very quick
A: beak, talons 3, nimble flight
a: no special abilities


You were on level 5 of the Dungeon.
You visited 1 branch of the dungeon, and saw 5 of its levels.

You collected 207 gold pieces.
You spent 24 gold pieces at shops.

Inventory:

Hand Weapons
 s - the +9 trident of Mandamus (weapon) {drain, MP+9}
   (You found it on level 4 of the Dungeon)

   A truly terrible weapon, it drains the life of any living foe it strikes.
   MP:        It affects your magic capacity (+9).
Armour
 a - a +0 robe
 h - a +2 robe of cold resistance (worn)
 p - a +0 hat (worn)
 t - the +0 pair of gloves "Xickont" (worn) {Regen+}
   (You found it on level 4 of the Dungeon)

   Regen:     It increases your rate of health regeneration.
Magical Staves
 q - a staff of conjuration
Jewellery
 g - a +4 ring of evasion (left hand)
 k - an amulet of the acrobat (around neck)
Wands
 l - a wand of polymorph (1)
Scrolls
 c - a scroll of teleportation {unknown}
 e - 2 scrolls of fog {unknown}
 j - 2 scrolls of enchant weapon
 n - a scroll of holy word {unknown}
 o - a scroll of amnesia {unknown}
Potions
 b - 3 potions of curing
 f - 3 potions of attraction
 i - 2 potions of might
 u - a potion of haste {unknown}
 v - a potion of heal wounds {unknown}


   Skills:
 * Level 1.2 Fighting
 * Level 1.4 Polearms
 + Level 3.2 Dodging
 - Level 3.6 Stealth
 - Level 1.2 Unarmed Combat
 + Level 4.8 Spellcasting
 + Level 6.0 Conjurations
 + Level 7.2 Air Magic


You had 11 spell levels left.
You knew the following spells:

 Your Spells              Type           Power      Damage    Failure   Level
a - Shock                 Conj/Air       100%       1d9       1%          1
b - Airstrike             Air            15%        N/A       7%          4

Your spell library contained the following spells:

 Spells                   Type           Power      Damage    Failure   Level
 Static Discharge         Conj/Air       28%        N/A       1%          2
 Swiftness                Air            30%        N/A       1%          3
 Apportation              Tloc           8%         N/A       14%         1
 Pain                     Necr           16%        1d4       14%         1
 Summon Ice Beast         Ice/Summ       4%         N/A       80%         4
 Agony                    Necr           4%         N/A       98%         5
 Excruciating Wounds      Necr           2%         N/A       98%         5
 Summon Mana Viper        Hex/Summ       4%         N/A       98%         5
 Monstrous Menagerie      Summ           2%         N/A       100%        7


Dungeon Overview and Level Annotations

Branches:
Dungeon (5/15)
 Temple: D:4-7

Altars:

Shops:
D:1 *

Annotations:
D:3 2 transporters, rovamarkku's ghost, weakling DEVM
D:5 Ijyb


Innate Abilities, Weirdness & Mutations

You have a beak for a mouth.
You have claws for feet.
Your magical nature lets you fly swiftly and evasively.


Message History

The killer bee misses you.
The shadow imp lashes its tail.
A killer bee comes into view.
The killer bee stings you!
* * * LOW HITPOINT WARNING * * *
It was a potion of flight.
You feel more buoyant. The killer bee completely misses you.
The killer bee misses you.
It was a potion of berserk rage.
A red film seems to cover your vision as you go berserk!
You feel yourself moving faster!
You feel mighty! The killer bee misses you. x2
You miss the killer bee. You peck the killer bee.
The killer bee is lightly wounded.
The killer bee barely misses you.
The killer bee stings you but does no damage.
You miss the killer bee. Your peck misses the killer bee.
The killer bee is lightly wounded.
The killer bee barely misses you.
The shadow imp shouts, "Flee, thou infectious weeb-spouting foot-licker!"
You miss the killer bee. Your kick misses the killer bee.
The killer bee is lightly wounded.
A killer bee comes into view.
The killer bee closely misses you. The killer bee stings you.
* * * LOW HITPOINT WARNING * * *
You are poisoned.
The killer bee poisons you!
The killer bee buzzes angrily.
You puncture the killer bee!
You kill the killer bee!
You feel sick.
Your Conjurations skill increases to level 6!
You feel sick.
Ijyb appears from thin air!
Reactivating autopickup.
Ijyb zaps a wand.
The bolt of acid misses you.
You see here a killer bee corpse.
You closely miss Ijyb. You claw Ijyb, but do no damage.
Ijyb is moderately wounded.
You feel sick.
Ijyb zaps a wand.
The bolt of acid hits you!!
Ouch! That really hurt!
You die...

≈....#.....# #.#####....####
≈≈...##...## #
#......(##..... ≈.+######.#
#.#######.##..### ≈..######.#
# #.........##..##.
≈..##.....#
#.####..######.....
≈.###.##..#
#.......##....#.##. .##
####..########...###.#.......
≈≈ ##.yy5#####.......#..#...#
)≈ ####yyyg@.......(...#...#
≈≈ ###############.##....
#.#..... # #.#... #...## ###.
. ## #


You could see Ijyb, 5 killer bees and a shadow imp.

Vanquished Creatures
  Grinder (D:3)
  2 black bears
  An ogre (D:4)
  A necrophage (D:4)
  A phantom (D:4)
  A water moccasin zombie (D:5)
  A killer bee (D:5)
  2 hounds
  2 centaur skeletons
  Jessica (D:2)
  A gnoll (D:4)
  6 adders
  An adder skeleton (D:4)
  3 worms (D:2)
  4 dart slugs
  An orc (D:4)
  11 endoplasms
  3 giant cockroaches
  12 goblins
  5 hobgoblins
  2 jackals
  9 kobolds
  7 quokkas
  8 ball pythons
  4 bats (D:1)
  3 frilled lizards
  6 rats
99 creatures vanquished.

Vanquished Creatures (others)
  A fungus (D:3)
  A plant (D:3)
2 creatures vanquished.

Grand Total: 101 creatures vanquished

Notes
Turn   | Place    | Note
-------+----------+-------------------------------------------
     0 | D:1      | Lemonice the Tengu Air Elementalist began the quest for the
                  | Orb.
     0 | D:1      | Reached XP level 1. HP: 10/10 MP: 4/4
   287 | D:1      | Reached XP level 2. HP: 15/15 MP: 0/6
   789 | D:1      | Found Xerabbeh's General Store.
   792 | D:1      | Bought a scroll of identify for 24 gold pieces
   893 | D:1      | Reached XP level 3. HP: 19/19 MP: 4/7
  1750 | D:2      | Noticed Jessica
  1757 | D:2      | Killed Jessica
  1758 | D:2      | Reached skill level 5 in Air Magic
  1758 | D:2      | Reached XP level 4. HP: 24/24 MP: 1/8
  2630 | D:3      | Gained mutation: Your magical nature lets you fly swiftly
                  | and evasively. [Tengu growth]
  2630 | D:3      | Reached XP level 5. HP: 28/28 MP: 7/10
  3074 | D:3      | Found a faded altar of an unknown god.
  3082 | D:3      | Got Plato's Grimoire of Orientation
  3112 | D:3      | Found a transporter.
  3112 | D:3      | Noticed rovamarkku's ghost (weakling DEVM)
  3115 | D:3      | Found a transporter.
  3128 | D:3      | Noticed Grinder
  3128 | D:3      | Paralysed by Grinder for 7 turns
  3186 | D:3      | Learned a level 4 spell: Airstrike
  3492 | D:3      | Killed Grinder
  3493 | D:3      | Reached XP level 6. HP: 32/32 MP: 10/12
  3564 | D:4      | Noticed a black bear
  3583 | D:3      | Killed a black bear
  3584 | D:3      | Reached skill level 6 in Air Magic
  3584 | D:3      | Reached XP level 7. HP: 31/36 MP: 8/13
  3629 | D:4      | Reached skill level 1 in Unarmed Combat
  3629 | D:4      | Reached skill level 5 in Conjurations
  4365 | D:4      | Identified the +9 trident of Mandamus {drain, MP+9}
  4465 | D:4      | Reached XP level 8. HP: 20/42 MP: 15/15
  4472 | D:4      | Identified the +0 pair of gloves "Xickont" {Regen+}
  4683 | D:5      | Entered Level 5 of the Dungeon
  4687 | D:5      | Reached skill level 1 in Polearms
  4687 | D:5      | Reached skill level 7 in Air Magic
  4766 | D:5      | Reached skill level 1 in Fighting
  4781 | D:5      | Noticed Ijyb
  4807 | D:5      | HP: 1/43 [killer bee (7)]
  4817 | D:5      | Killed from afar by Ijyb

Illustrated notes

Levels and vault maps discovered:
D:1:      eino_arrival_cavern_c, layout_loops_ring, serial_shops,
          nicolae_shop_behind_doors, minmay_hedge_maze, minmay_misc_feat_x
D:2:      layout_basic, minmay_fractal_squares_gapless_5, uniq_jessica
D:3:      layout_basic, shapermc_ecumenical_altar_rom_forum,
          gammafunk_ghost_arena, uniq_grinder
D:4:      layout_loops_ring, minmay_pentomino_pile
D:5:      layout_basic, kennysheep_mini, okawaru_ov_weapons_minmay,
          minmay_temple_entry_junction, serial_shops, shop,
          chequers_serial_rivers_large_a, uniq_pikel, uniq_ijyb

Skill      XL: |  1  2  3  4  5  6  7  8 |
---------------+-------------------------+-----
Conjurations   | 2 3 4 5 6 |  6.0
Air Magic      | 5 6 7 |  7.2
Stealth        | 3 |  3.6
Spellcasting   | 3 4 |  4.8
Unarmed Combat | 1 |  1.2
Dodging        | 3 |  3.2
Polearms       | 1 |  1.4
Fighting       | 1 |  1.2

Action                   |  1- 3 |  4- 6 |  7- 9 || total
-------------------------+-------+-------+-------++-------
Melee: Unarmed           |     7 |    12 |       ||    19
       Kick              |     1 |     1 |     5 ||     7
       Trident           |       |       |    28 ||    28
       Peck              |       |       |     4 ||     4
 Cast: Shock             |    81 |    67 |    50 ||   198
  Use: Scroll            |     1 |     2 |     1 ||     4
       Potion            |       |       |     4 ||     4
 Stab: Sleeping          |       |       |     1 ||     1
Armor: Robe              |     6 |     1 |     5 ||    12
Dodge: Dodged            |    16 |    27 |    34 ||    77

Table legend: (Time is in decaauts)
 A = Elapsed time spent in this place.
 B = Non-inter-level travel time spent in this place.
 C = Inter-level travel time spent in this place.
 D = Time resting spent in this place.
 E = Time spent auto-exploring this place.
 F = Levels seen in this place.
 G = Mean time per level.
                   A        B        C        D        E       F      G
               +--------+--------+--------+--------+--------+-----+--------+
         Total |   4690 |   4576 |    114 |      0 |   3564 |   5 |  938.0 |
       Dungeon |   4690 |   4576 |    114 |      0 |   3564 |   5 |  938.0 |
               +--------+--------+--------+--------+--------+-----+--------+

Top non-repeatable levels by time:
     D:1: 1406 daAuts
     D:2: 1220 daAuts
     D:4: 1077 daAuts
     D:3: 859 daAuts
     D:5: 126 daAuts
